Penguins vs Devils

Created - October 23 2007 at 19:00

Goals
1 2 3 T
Penguins 0 1 0 1
Devils 0 0 0 0
Shots
1 2 3 T
Penguins 8 6 5 19
Devils 4 4 3 11

Period #1

No Goal

Penalities :
Taylor Pyatt (PIT) for Holding (Minor) at 0:09, Jere Lehtinen (PIT) for Tripping (Minor) at 0:24, Colin White (NJD) for Holding (Minor) at 7:43, Martin Lapointe (PIT) for Hooking (Minor) at 10:24, Jamie Langenbrunner (NJD) for Holding (Minor) at 14:32, Colin White (NJD) for Tripping (Minor) at 19:08

Period #2

1. Penguins , Jere Lehtinen 5 (Sidney Crosby, Taylor Pyatt) at 7:12

Penalities :
Dominic Moore (PIT) for Tripping (Minor) at 1:17, Scott Hannan (PIT) for Tripping (Minor) at 2:34, Dominic Moore (PIT) for Slashing (Minor) at 9:20, Brendan Witt (NJD) for Tripping (Minor) at 15:51

Period #3

No Goal

Penalities :
Josef Melichar (PIT) for Goalie Interference (Minor) at 1:42, John Madden (NJD) for High sticking (Minor) at 16:46, Dallas Drake (PIT) for Tripping (Minor) at 19:57

Goalie Stats

Ed Belfour (PIT), 11 saves from 11 shots - (1.000), W, 1-0-0, 60:00 minutes
Martin Brodeur (NJD), 18 saves from 19 shots - (0.947), L, 7-4-0, 59:08 minutes

Players Stats

Penguins
Player Name              G  A  P  +/- PIM S  H  SB FO MP 
-----------------------------------------------------------
Brooks Orpik             0  0  0   0  0   0  1  1  0  12 
Bryan Mccabe             0  0  0   1  0   1  1  2  0  23 
Christian Backman        0  0  0   0  0   0  0  1  0  17 
Dallas Drake             0  0  0   0  2   1  1  0  2  12 
Dominic Moore            0  0  0   0  4   2  0  0  0  19 
Evgeni Malkin            0  0  0   0  0   6  0  0  16 21 
Glen Wesley              0  0  0   0  0   0  0  1  0  23 
Jarkko Ruutu             0  0  0   0  0   0  0  0  0  6  
Jere Lehtinen            1  0  1   1  2   4  3  0  6  20 
Josef Melichar           0  0  0   0  2   0  1  1  0  22 
Kris Draper              0  0  0   0  0   0  0  0  13 21 
Mark Parrish             0  0  0   0  0   2  0  0  0  15 
Martin Lapointe          0  0  0   0  2   1  2  0  1  11 
Maxime Talbot            0  0  0   0  0   1  1  0  4  7  
Ryan Malone              0  0  0   0  0   0  2  0  2  14 
Scott Hannan             0  0  0   1  2   0  0  0  0  22 
Sidney Crosby            0  1  1   1  0   1  2  0  25 21 
Taylor Pyatt             0  1  1   1  2   0  2  0  0  17 
Devils
Player Name              G  A  P  +/- PIM S  H  SB FO MP 
-----------------------------------------------------------
Brad Lukowich            0  0  0   0  0   1  3  2  0  22 
Brendan Witt             0  0  0   0  2   0  0  3  0  24 
Brian Gionta             0  0  0  -1  0   0  0  0  0  15 
Brian Rafalski           0  0  0   0  0   0  1  3  0  24 
Chris Chelios            0  0  0   0  0   0  2  0  0  22 
Colin White              0  0  0  -1  4   0  1  0  0  16 
Jamie Langenbrunner      0  0  0   0  2   1  1  0  2  19 
John Madden              0  0  0   0  2   1  1  0  1  13 
Juraj Kolnik             0  0  0   0  0   0  4  1  5  15 
Michael Nylander         0  0  0   0  0   2  3  0  21 21 
Mike Comrie              0  0  0  -1  0   2  0  0  6  13 
Mike Ribeiro             0  0  0  -1  0   0  3  0  1  16 
Miroslav Satan           0  0  0   0  0   1  2  1  1  20 
Patrik Elias             0  0  0   0  0   1  2  0  5  20 
Paul Martin              0  0  0  -1  0   1  0  0  0  11 
Scott Gomez              0  0  0   0  0   1  0  0  8  11 
Travis Zajac             0  0  0   0  0   0  0  0  6  6  
Zach Parise              0  0  0   0  0   0  4  0  13 19 

3 Stars

1 - Ed Belfour (PIT)
2 - Martin Brodeur (NJD)
3 - Jere Lehtinen (PIT)

Power Play

Penguins - 0 on 5 Attempt(s) - 0.00%
Devils - 0 on 8 Attempt(s) - 0.00%

Penalty Kill

Penguins - 8 on 8 Attempt(s) - 100.00% - Score 0 goal in Penalty Kill
Devils - 5 on 5 Attempt(s) - 100.00% - Score 0 goal in Penalty Kill

Game Notes

No Game Note

Finance

Level 1 -- Attendance: 3966 (61.02%) -- Ticket Income $396,600.00
Level 2 -- Attendance: 3912 (70.61%) -- Ticket Income $234,720.00
Level 3 -- Attendance: 1905 (95.24%) -- Ticket Income $66,675.00
Level 4 -- Attendance: 3346 (83.64%) -- Ticket Income $66,920.00
Luxury Box -- Attendance: 848 (84.85%) -- Ticket Income $169,600.00
Game was played at the Continental Airlines Arena
Total Attendance: 13977 (73.41%)
Total Ticket Income: $1,010,056.00
Other Income: $166,388.70
Total Income: $1,176,445.00


Play by Play

Period #1

0:01 of 1st period - Jere Lehtinen wins face-off versus Patrik Elias in neutral zone.
0:03 of 1st period - Off-side.
0:04 of 1st period - Miroslav Satan wins face-off versus Sidney Crosby in neutral zone.
0:07 of 1st period - Shot by Scott Gomez.
0:07 of 1st period - Stopped by Ed Belfour without a rebound.
0:08 of 1st period - Scott Gomez wins face-off versus Sidney Crosby in Penguins zone.
0:09 of 1st period - Shot by Patrik Elias.
0:09 of 1st period - Stopped by Ed Belfour without a rebound.
0:09 of 1st period - Minor Penalty to Taylor Pyatt for Holding.
0:10 of 1st period - Michael Nylander wins face-off versus Sidney Crosby in Penguins zone.
0:24 of 1st period - Minor Penalty to Jere Lehtinen for Tripping.
0:25 of 1st period - Sidney Crosby wins face-off versus Zach Parise in Penguins zone.
3:16 of 1st period - Dallas Drake is hit by Mike Ribeiro and loses puck.
4:11 of 1st period - Shot by Mark Parrish.
4:11 of 1st period - Stopped by Martin Brodeur without a rebound.
4:12 of 1st period - Patrik Elias wins face-off versus Kris Draper in Devils zone.
5:12 of 1st period - Icing by Chris Chelios.
5:13 of 1st period - Evgeni Malkin wins face-off versus Michael Nylander in Devils zone.
5:16 of 1st period - Shot by Evgeni Malkin.
5:16 of 1st period - Stopped by Martin Brodeur with a rebound.
5:18 of 1st period - Shot by Ryan Malone.
5:18 of 1st period - Shot Misses the Net.
5:34 of 1st period - Shot by Evgeni Malkin.
5:34 of 1st period - Stopped by Martin Brodeur without a rebound.
5:35 of 1st period - Sidney Crosby wins face-off versus Travis Zajac in Devils zone.
5:46 of 1st period - Sidney Crosby is hit by Juraj Kolnik and loses puck.
6:03 of 1st period - Shot by Sidney Crosby.
6:03 of 1st period - Shot Blocked by Brendan Witt.
6:09 of 1st period - Shot by Sidney Crosby.
6:09 of 1st period - Shot Blocked by Juraj Kolnik.
6:42 of 1st period - Icing by Jamie Langenbrunner.
6:43 of 1st period - Michael Nylander wins face-off versus Evgeni Malkin in Devils zone.
7:25 of 1st period - Michael Nylander is hit by Brooks Orpik and loses puck.
7:43 of 1st period - Minor Penalty to Colin White for Holding.
7:44 of 1st period - Sidney Crosby wins face-off versus Juraj Kolnik in Devils zone.
7:44 of 1st period - Sidney Crosby is hit by Juraj Kolnik.
8:26 of 1st period - John Madden is hit by Taylor Pyatt and loses puck.
9:21 of 1st period - Shot by Jere Lehtinen.
9:21 of 1st period - Stopped by Martin Brodeur without a rebound.
9:22 of 1st period - Evgeni Malkin wins face-off versus Zach Parise in Devils zone.
9:47 of 1st period - Shot by Dominic Moore.
9:47 of 1st period - Stopped by Martin Brodeur with a rebound.
10:02 of 1st period - Mike Ribeiro is hit by Martin Lapointe and loses puck.
10:24 of 1st period - Minor Penalty to Martin Lapointe for Hooking.
10:25 of 1st period - Sidney Crosby wins face-off versus Zach Parise in Penguins zone.
10:37 of 1st period - Icing by Zach Parise.
10:38 of 1st period - Zach Parise wins face-off versus Jere Lehtinen in Devils zone.
10:48 of 1st period - Off-side.
10:49 of 1st period - Sidney Crosby wins face-off versus Michael Nylander in neutral zone.
12:34 of 1st period - Shot by Juraj Kolnik.
12:34 of 1st period - Shot Misses the Net.
12:36 of 1st period - Shot by Paul Martin.
12:36 of 1st period - Stopped by Ed Belfour without a rebound.
12:37 of 1st period - Travis Zajac wins face-off versus Maxime Talbot in Penguins zone.
13:37 of 1st period - Shot by Mark Parrish.
13:37 of 1st period - Shot Misses the Net.
14:32 of 1st period - Minor Penalty to Jamie Langenbrunner for Holding.
14:33 of 1st period - Sidney Crosby wins face-off versus Zach Parise in Penguins zone.
14:35 of 1st period - Icing by Dominic Moore.
14:36 of 1st period - Sidney Crosby wins face-off versus Zach Parise in Penguins zone.
14:36 of 1st period - Sidney Crosby is hit by Miroslav Satan.
14:59 of 1st period - Shot by Jere Lehtinen.
14:59 of 1st period - Stopped by Martin Brodeur with a rebound.
15:01 of 1st period - Shot by Christian Backman.
15:01 of 1st period - Shot Blocked by Miroslav Satan.
15:05 of 1st period - Shot by Jere Lehtinen.
15:05 of 1st period - Shot Misses the Net.
15:26 of 1st period - Icing by Ryan Malone.
15:27 of 1st period - Evgeni Malkin wins face-off versus Michael Nylander in Penguins zone.
15:41 of 1st period - Shot by Mark Parrish.
15:41 of 1st period - Shot Misses the Net.
15:45 of 1st period - Shot by Evgeni Malkin.
15:45 of 1st period - Stopped by Martin Brodeur without a rebound.
15:46 of 1st period - Patrik Elias wins face-off versus Sidney Crosby in Devils zone.
16:28 of 1st period - Off-side.
16:29 of 1st period - Evgeni Malkin wins face-off versus Michael Nylander in neutral zone.
16:34 of 1st period - Shot by Evgeni Malkin.
16:34 of 1st period - Shot Misses the Net.
17:06 of 1st period - Shot by Mike Ribeiro.
17:06 of 1st period - Shot Misses the Net.
17:08 of 1st period - Shot by Colin White.
17:08 of 1st period - Shot Blocked by Christian Backman.
17:21 of 1st period - Icing by Christian Backman.
17:22 of 1st period - Kris Draper wins face-off versus Travis Zajac in Penguins zone.
17:46 of 1st period - Shot by John Madden.
17:46 of 1st period - Deflect By Travis Zajac.
17:46 of 1st period - Shot Misses the Net.
17:48 of 1st period - Shot by Brendan Witt.
17:48 of 1st period - Shot Misses the Net.
18:09 of 1st period - John Madden is hit by Ryan Malone and loses puck.
18:22 of 1st period - Evgeni Malkin is hit by Zach Parise and loses puck.
18:43 of 1st period - Shot by Zach Parise.
18:43 of 1st period - Shot Misses the Net.
18:47 of 1st period - Shot by Michael Nylander.
18:47 of 1st period - Stopped by Ed Belfour without a rebound.
18:48 of 1st period - Sidney Crosby wins face-off versus Mike Comrie in Penguins zone.
18:48 of 1st period - Sidney Crosby is hit by Mike Ribeiro.
18:57 of 1st period - Icing by Colin White.
18:58 of 1st period - Maxime Talbot wins face-off versus Mike Comrie in Devils zone.
19:08 of 1st period - Minor Penalty to Colin White for Tripping.
19:09 of 1st period - Sidney Crosby wins face-off versus Zach Parise in Devils zone.
19:13 of 1st period - Sidney Crosby is hit by Brad Lukowich and loses puck.
19:20 of 1st period - Shot by Jere Lehtinen.
19:20 of 1st period - Deflect By Sidney Crosby.
19:20 of 1st period - Shot Misses the Net.
19:22 of 1st period - Shot by Bryan Mccabe.
19:22 of 1st period - Stopped by Martin Brodeur without a rebound.
19:23 of 1st period - Michael Nylander wins face-off versus Evgeni Malkin in Devils zone.
19:45 of 1st period - Icing by Mark Parrish.
19:46 of 1st period - Evgeni Malkin wins face-off versus Michael Nylander in Penguins zone.
19:46 of 1st period - Evgeni Malkin is hit by Michael Nylander.

Period #2

0:01 of 2nd period - Sidney Crosby wins face-off versus Michael Nylander in neutral zone.
0:13 of 2nd period - Shot by Sidney Crosby.
0:13 of 2nd period - Stopped by Martin Brodeur without a rebound.
0:14 of 2nd period - Ryan Malone wins face-off versus Zach Parise in Devils zone.
0:15 of 2nd period - Shot by Evgeni Malkin.
0:15 of 2nd period - Stopped by Martin Brodeur without a rebound.
0:16 of 2nd period - Evgeni Malkin wins face-off versus Zach Parise in Devils zone.
0:35 of 2nd period - Shot by Evgeni Malkin.
0:35 of 2nd period - Shot Misses the Net.
0:37 of 2nd period - Shot by Evgeni Malkin.
0:37 of 2nd period - Stopped by Martin Brodeur without a rebound.
0:38 of 2nd period - Sidney Crosby wins face-off versus Michael Nylander in Devils zone.
0:51 of 2nd period - Shot by Taylor Pyatt.
0:51 of 2nd period - Shot Blocked by Brendan Witt.
1:11 of 2nd period - Martin Lapointe is hit by Colin White and loses puck.
1:17 of 2nd period - Minor Penalty to Dominic Moore for Tripping.
1:18 of 2nd period - Jere Lehtinen wins face-off versus Zach Parise in Penguins zone.
1:58 of 2nd period - Mike Ribeiro is hit by Jere Lehtinen and loses puck.
2:16 of 2nd period - Miroslav Satan is hit by Josef Melichar and loses puck.
2:34 of 2nd period - Minor Penalty to Scott Hannan for Tripping.
2:35 of 2nd period - Sidney Crosby wins face-off versus Michael Nylander in Penguins zone.
5:01 of 2nd period - Shot by Mike Ribeiro.
5:01 of 2nd period - Deflect By Mike Comrie.
5:01 of 2nd period - Stopped by Ed Belfour without a rebound.
5:02 of 2nd period - Travis Zajac wins face-off versus Kris Draper in Penguins zone.
5:03 of 2nd period - Shot by John Madden.
5:03 of 2nd period - Stopped by Ed Belfour without a rebound.
5:04 of 2nd period - Juraj Kolnik wins face-off versus Kris Draper in Penguins zone.
5:26 of 2nd period - Shot by Martin Lapointe.
5:26 of 2nd period - Shot Blocked by Brad Lukowich.
5:29 of 2nd period - Martin Lapointe is hit by Brad Lukowich and loses puck.
5:42 of 2nd period - Martin Lapointe is hit by Jamie Langenbrunner and loses puck.
7:12 of 2nd period - Shot by Jere Lehtinen.
7:12 of 2nd period - Goal by Jere Lehtinen - Penguins : 1 - Devils : 0.
7:13 of 2nd period - Scott Gomez wins face-off versus Kris Draper in neutral zone.
7:18 of 2nd period - Shot by Miroslav Satan.
7:18 of 2nd period - Stopped by Ed Belfour without a rebound.
7:19 of 2nd period - Dallas Drake wins face-off versus Scott Gomez in Penguins zone.
7:32 of 2nd period - Shot by Scott Gomez.
7:32 of 2nd period - Shot Misses the Net.
7:36 of 2nd period - Shot by Patrik Elias.
7:36 of 2nd period - Shot Misses the Net.
7:40 of 2nd period - Shot by Miroslav Satan.
7:40 of 2nd period - Shot Blocked by Bryan Mccabe.
7:42 of 2nd period - Shot by Brendan Witt.
7:42 of 2nd period - Shot Misses the Net.
9:07 of 2nd period - Off-side.
9:08 of 2nd period - Martin Lapointe wins face-off versus Travis Zajac in neutral zone.
9:20 of 2nd period - Minor Penalty to Dominic Moore for Slashing.
9:21 of 2nd period - Jere Lehtinen wins face-off versus Michael Nylander in Penguins zone.
11:14 of 2nd period - Shot by Miroslav Satan.
11:14 of 2nd period - Shot Misses the Net.
11:20 of 2nd period - Shot by Patrik Elias.
11:20 of 2nd period - Shot Hit the Post.
11:24 of 2nd period - Shot by Mike Comrie.
11:24 of 2nd period - Shot Misses the Net.
11:26 of 2nd period - Shot by Brian Gionta.
11:26 of 2nd period - Shot Blocked by Brooks Orpik.
11:30 of 2nd period - Shot by Mike Comrie.
11:30 of 2nd period - Shot Hit the Post.
11:34 of 2nd period - Shot by Mike Comrie.
11:34 of 2nd period - Stopped by Ed Belfour without a rebound.
11:35 of 2nd period - Evgeni Malkin wins face-off versus Mike Comrie in Penguins zone.
12:04 of 2nd period - Shot by Evgeni Malkin.
12:04 of 2nd period - Stopped by Martin Brodeur without a rebound.
12:05 of 2nd period - Michael Nylander wins face-off versus Kris Draper in Devils zone.
12:15 of 2nd period - Dominic Moore is hit by Chris Chelios and loses puck.
12:28 of 2nd period - Christian Backman is hit by Zach Parise and loses puck.
12:45 of 2nd period - Icing by Brad Lukowich.
12:46 of 2nd period - Sidney Crosby wins face-off versus Michael Nylander in Devils zone.
13:28 of 2nd period - Jere Lehtinen is hit by Chris Chelios and loses puck.
14:02 of 2nd period - Icing by Miroslav Satan.
14:03 of 2nd period - Scott Gomez wins face-off versus Evgeni Malkin in Devils zone.
14:13 of 2nd period - Evgeni Malkin is hit by Patrik Elias and loses puck.
14:26 of 2nd period - Shot by Evgeni Malkin.
14:26 of 2nd period - Shot Misses the Net.
14:28 of 2nd period - Shot by Glen Wesley.
14:28 of 2nd period - Shot Blocked by Brian Rafalski.
14:30 of 2nd period - Shot by Glen Wesley.
14:30 of 2nd period - Shot Misses the Net.
14:32 of 2nd period - Shot by Ryan Malone.
14:32 of 2nd period - Shot Blocked by Brian Rafalski.
14:34 of 2nd period - Shot by Mark Parrish.
14:34 of 2nd period - Shot Blocked by Brian Rafalski.
15:00 of 2nd period - Brendan Witt is hit by Martin Lapointe and loses puck.
15:13 of 2nd period - Shot by Martin Lapointe.
15:13 of 2nd period - Shot Misses the Net.
15:22 of 2nd period - Dominic Moore is hit by Miroslav Satan and loses puck.
15:26 of 2nd period - Kris Draper is hit by Brian Rafalski and loses puck.
15:47 of 2nd period - Shot by Jarkko Ruutu.
15:47 of 2nd period - Shot Blocked by Brendan Witt.
15:51 of 2nd period - Shot by Maxime Talbot.
15:51 of 2nd period - Stopped by Martin Brodeur without a rebound.
15:51 of 2nd period - Minor Penalty to Brendan Witt for Tripping.
15:52 of 2nd period - Juraj Kolnik wins face-off versus Sidney Crosby in Devils zone.
15:52 of 2nd period - Juraj Kolnik is hit by Jere Lehtinen.
16:04 of 2nd period - Zach Parise is hit by Bryan Mccabe and loses puck.
16:42 of 2nd period - Evgeni Malkin is hit by John Madden and loses puck.
17:03 of 2nd period - Shot by Mark Parrish.
17:03 of 2nd period - Shot Misses the Net.
19:24 of 2nd period - Miroslav Satan is hit by Ryan Malone and loses puck.
19:33 of 2nd period - Shot by Miroslav Satan.
19:33 of 2nd period - Shot Blocked by Josef Melichar.
19:37 of 2nd period - Shot by Jamie Langenbrunner.
19:37 of 2nd period - Shot Misses the Net.
19:42 of 2nd period - Icing by Glen Wesley.
19:43 of 2nd period - Evgeni Malkin wins face-off versus Mike Comrie in Penguins zone.

Period #3

0:01 of 3rd period - Mike Comrie wins face-off versus Kris Draper in neutral zone.
0:42 of 3rd period - Shot by Martin Lapointe.
0:42 of 3rd period - Stopped by Martin Brodeur without a rebound.
0:43 of 3rd period - Travis Zajac wins face-off versus Maxime Talbot in Devils zone.
1:26 of 3rd period - Jarkko Ruutu is hit by Juraj Kolnik and loses puck.
1:42 of 3rd period - Minor Penalty to Josef Melichar for Goalie Interference.
1:43 of 3rd period - Jere Lehtinen wins face-off versus Zach Parise in Penguins zone.
1:43 of 3rd period - Kris Draper is hit by Zach Parise and loses puck.
1:58 of 3rd period - Shot by Jamie Langenbrunner.
1:58 of 3rd period - Shot Misses the Net.
2:00 of 3rd period - Shot by Jamie Langenbrunner.
2:00 of 3rd period - Stopped by Ed Belfour without a rebound.
2:01 of 3rd period - Sidney Crosby wins face-off versus Mike Ribeiro in Penguins zone.
2:01 of 3rd period - Sidney Crosby is hit by Mike Ribeiro.
2:47 of 3rd period - Icing by Brendan Witt.
2:48 of 3rd period - Michael Nylander wins face-off versus Jere Lehtinen in Devils zone.
4:23 of 3rd period - Taylor Pyatt is hit by Patrik Elias and loses puck.
4:27 of 3rd period - Icing by Dominic Moore.
4:28 of 3rd period - Scott Gomez wins face-off versus Kris Draper in Penguins zone.
4:28 of 3rd period - Michael Nylander is hit by Taylor Pyatt and loses puck.
4:32 of 3rd period - Icing by Josef Melichar.
4:33 of 3rd period - Scott Gomez wins face-off versus Kris Draper in Penguins zone.
5:12 of 3rd period - Off-side.
5:13 of 3rd period - Jamie Langenbrunner wins face-off versus Dallas Drake in neutral zone.
5:51 of 3rd period - Icing by Brad Lukowich.
5:52 of 3rd period - Evgeni Malkin wins face-off versus Jamie Langenbrunner in Devils zone.
6:34 of 3rd period - Off-side.
6:35 of 3rd period - Sidney Crosby wins face-off versus Michael Nylander in neutral zone.
6:35 of 3rd period - Dallas Drake is hit by Zach Parise and loses puck.
6:51 of 3rd period - Michael Nylander is hit by Dallas Drake and loses puck.
7:11 of 3rd period - Icing by Brian Rafalski.
7:12 of 3rd period - Michael Nylander wins face-off versus Kris Draper in Devils zone.
7:50 of 3rd period - Josef Melichar is hit by Juraj Kolnik and loses puck.
8:41 of 3rd period - Scott Gomez is hit by Sidney Crosby and loses puck.
9:22 of 3rd period - Off-side.
9:23 of 3rd period - Ryan Malone wins face-off versus Patrik Elias in neutral zone.
9:47 of 3rd period - Off-side.
9:48 of 3rd period - Michael Nylander wins face-off versus Maxime Talbot in neutral zone.
10:10 of 3rd period - Michael Nylander is hit by Maxime Talbot and loses puck.
10:37 of 3rd period - Shot by Travis Zajac.
10:37 of 3rd period - Shot Blocked by Bryan Mccabe.
10:44 of 3rd period - Off-side.
10:45 of 3rd period - Sidney Crosby wins face-off versus Michael Nylander in neutral zone.
11:08 of 3rd period - Shot by Michael Nylander.
11:08 of 3rd period - Shot Misses the Net.
11:22 of 3rd period - John Madden is hit by Sidney Crosby and loses puck.
11:29 of 3rd period - Dominic Moore is hit by Brad Lukowich and loses puck.
12:29 of 3rd period - Off-side.
12:30 of 3rd period - Juraj Kolnik wins face-off versus Kris Draper in neutral zone.
12:49 of 3rd period - Shot by Juraj Kolnik.
12:49 of 3rd period - Shot Misses the Net.
13:12 of 3rd period - Off-side.
13:13 of 3rd period - Michael Nylander wins face-off versus Evgeni Malkin in neutral zone.
13:16 of 3rd period - Dallas Drake is hit by Michael Nylander and loses puck.
13:20 of 3rd period - Icing by Bryan Mccabe.
13:21 of 3rd period - Evgeni Malkin wins face-off versus Michael Nylander in Penguins zone.
13:42 of 3rd period - Shot by Michael Nylander.
13:42 of 3rd period - Stopped by Ed Belfour without a rebound.
13:43 of 3rd period - Scott Gomez wins face-off versus Sidney Crosby in Penguins zone.
13:46 of 3rd period - Shot by Scott Gomez.
13:46 of 3rd period - Shot Blocked by Glen Wesley.
13:48 of 3rd period - Shot by Miroslav Satan.
13:48 of 3rd period - Shot Misses the Net.
13:50 of 3rd period - Shot by Juraj Kolnik.
13:50 of 3rd period - Shot Misses the Net.
13:54 of 3rd period - Shot by Miroslav Satan.
13:54 of 3rd period - Shot Misses the Net.
14:00 of 3rd period - Shot by Miroslav Satan.
14:00 of 3rd period - Shot Misses the Net.
14:02 of 3rd period - Shot by Miroslav Satan.
14:02 of 3rd period - Shot Misses the Net.
14:04 of 3rd period - Shot by Brad Lukowich.
14:04 of 3rd period - Stopped by Ed Belfour without a rebound.
14:05 of 3rd period - John Madden wins face-off versus Sidney Crosby in Penguins zone.
14:28 of 3rd period - Shot by Mark Parrish.
14:28 of 3rd period - Stopped by Martin Brodeur with a rebound.
14:30 of 3rd period - Shot by Dominic Moore.
14:30 of 3rd period - Stopped by Martin Brodeur with a rebound.
15:06 of 3rd period - Shot by Taylor Pyatt.
15:06 of 3rd period - Deflect By Jere Lehtinen.
15:06 of 3rd period - Stopped by Martin Brodeur without a rebound.
15:07 of 3rd period - Kris Draper wins face-off versus Juraj Kolnik in Devils zone.
15:10 of 3rd period - Shot by Dominic Moore.
15:10 of 3rd period - Shot Misses the Net.
15:50 of 3rd period - Shot by Ryan Malone.
15:50 of 3rd period - Shot Misses the Net.
15:52 of 3rd period - Shot by Ryan Malone.
15:52 of 3rd period - Shot Misses the Net.
15:54 of 3rd period - Shot by Scott Hannan.
15:54 of 3rd period - Shot Blocked by Brad Lukowich.
16:09 of 3rd period - Off-side.
16:10 of 3rd period - Kris Draper wins face-off versus Scott Gomez in neutral zone.
16:46 of 3rd period - Minor Penalty to John Madden for High sticking.
16:47 of 3rd period - Evgeni Malkin wins face-off versus Zach Parise in neutral zone.
16:47 of 3rd period - Evgeni Malkin is hit by Michael Nylander.
17:35 of 3rd period - Icing by Scott Hannan.
17:36 of 3rd period - Sidney Crosby wins face-off versus Zach Parise in Penguins zone.
17:49 of 3rd period - Shot by Scott Hannan.
17:49 of 3rd period - Shot Misses the Net.
17:51 of 3rd period - Shot by Dallas Drake.
17:51 of 3rd period - Stopped by Martin Brodeur with a rebound.
18:52 of 3rd period - John Madden is hit by Jere Lehtinen and loses puck.
19:02 of 3rd period - Off-side.
19:03 of 3rd period - Patrik Elias wins face-off versus Sidney Crosby in neutral zone.
19:08 of 3rd period - Devils, Martin Brodeur is pulled from the net.
19:30 of 3rd period - Shot by Jamie Langenbrunner.
19:30 of 3rd period - Deflect By Patrik Elias.
19:30 of 3rd period - Shot Misses the Net.
19:57 of 3rd period - Minor Penalty to Dallas Drake for Tripping.
19:58 of 3rd period - Evgeni Malkin wins face-off versus Mike Comrie in Penguins zone.


Output by the SimonT Hockey Simulator (STHS) for Stephane Roy -- Original Page W3C XHTML 1.0 Valid